[Event "World Senior chT-65 2019"]
[Site "Rhodes"]
[Date "2019.04.19"]
[Round "4.17"]
[White "Boehnisch, Manfred"]
[Black "Birnboim, Nathan"]
[Result "0-1"]
[ECO "C01"]
[WhiteElo "2287"]
[BlackElo "2365"]
[PlyCount "80"]
[EventDate "2019.04.16"]
[EventType "team-tourn"]
[EventCountry "GRE"]
[TimeControl "40/5400+30:1800+30"]

1. e4 e6 2. d4 d5 3. exd5 exd5 4. Nf3 Nf6 5. Bg5 Be7 6. Bd3 O-O 7. O-O Nc6 8. c3 h6 9. Bxf6 Bxf6 10. Nbd2 Qd6 11. Re1 Bd7 12. Nf1 Rfe8 13. Ne3 g6 14. Re2 Be6 15. Qc2 Kg7 16. Rae1 h5 17. b4 Bd7 $14 18. a4 Rad8 19. Qa2 Bc8 20. a5 Rh8 21. b5 Ne7 22. Ne5 Bxe5 23. dxe5 Qc5 24. Qb2 d4 25. cxd4 Qxd4 26. Qa3 Nd5 27. Nc2 Qc3 28. Be4 Qxa3 29. Nxa3 Nc3 30. Re3 Nxe4 31. Rxe4 Rd3 32. R4e3 Rhd8 33. f4 Be6 34. Kf2 R3d4 35. Re4 Bf5 36. Rxd4 Rxd4 37. Rc1 Rxf4+ 38. Kg1 Ra4 39. Nc4 Be6 40. b6 axb6 0-1

[Event "World Senior chT-65 2019"]
[Site "Rhodes"]
[Date "2019.04.19"]
[Round "4.18"]
[White "Berkovich, Mark A"]
[Black "Beltz, Robert"]
[Result "1-0"]
[ECO "B10"]
[WhiteElo "2332"]
[BlackElo "2158"]
[PlyCount "85"]
[EventDate "2019.04.16"]
[EventType "team-tourn"]
[EventCountry "GRE"]
[TimeControl "40/5400+30:1800+30"]

1. c4 c6 2. e4 d5 3. exd5 cxd5 4. cxd5 Nf6 5. Bb5+ Bd7 6. Bc4 b5 7. Bb3 Bg4 8. Nf3 Nxd5 9. Nc3 Nxc3 10. bxc3 e6 11. Qe2 Nd7 12. Qxb5 Bxf3 13. gxf3 Rb8 14. Qe2 Bd6 15. d4 O-O 16. f4 Qc7 17. Qf3 Rfc8 18. c4 Bb4+ 19. Kf1 a5 20. Kg2 Qa7 21. Rd1 Nf6 22. a4 Bc3 23. Qxc3 Qb7+ 24. d5 Qxb3 25. Qxb3 Rxb3 26. d6 Nd7 27. Bd2 Rd3 28. Bxa5 Rxd1 29. Rxd1 Rxc4 30. Ra1 Rc6 31. Bc7 Ra6 32. Kf3 Kf8 33. Ke3 Ke8 34. a5 Nf6 35. Kd4 Kd7 36. Kc5 Nd5 37. Kb5 Ra8 38. Rc1 g6 39. a6 h6 40. Rc6 f6 41. Rb6 Nc3+ 42. Ka5 Kc8 43. Rb8+ 1-0

[Event "World Senior chT-65 2019"]
[Site "Rhodes"]
[Date "2019.04.19"]
[Round "4.19"]
[White "Baumbach, Friedrich"]
[Black "Maryasin, Boris"]
[Result "1/2-1/2"]
[ECO "D27"]
[WhiteElo "2089"]
[BlackElo "2297"]
[PlyCount "61"]
[EventDate "2019.04.16"]
[EventType "team-tourn"]
[EventCountry "GRE"]
[TimeControl "40/5400+30:1800+30"]

1. d4 Nf6 2. c4 e6 3. Nf3 d5 4. Nc3 dxc4 5. e3 a6 6. Bxc4 b5 7. Bd3 Bb7 8. O-O c5 9. dxc5 Bxc5 10. Qe2 Nbd7 11. e4 b4 12. Na4 Bd6 13. Bg5 Qa5 14. b3 Ne5 15. Bxf6 gxf6 16. Nxe5 Qxe5 17. g3 Rd8 18. Nb2 Bc5 19. Rac1 O-O 20. Rc4 a5 21. Rc2 Bd4 22. Nc4 Qg5 23. Kg2 f5 24. h4 Qg6 25. f3 fxe4 26. Bxe4 Bxe4 27. Qxe4 Rd5 28. Qxg6+ hxg6 29. Rd1 Rfd8 30. Rcd2 e5 31. Re2 1/2-1/2

[Event "World Senior chT-65 2019"]
[Site "Rhodes"]
[Date "2019.04.19"]
[Round "4.20"]
[White "Lederman, Leon"]
[Black "Just, Joachim"]
[Result "1-0"]
[ECO "C10"]
[WhiteElo "2281"]
[BlackElo "1970"]
[PlyCount "84"]
[EventDate "2019.04.16"]
[EventType "team-tourn"]
[EventCountry "GRE"]
[TimeControl "40/5400+30:1800+30"]

1. e4 e6 2. d4 d5 3. Nc3 dxe4 4. Nxe4 Nd7 5. Nf3 Ndf6 6. Ned2 c5 7. Nc4 Bd7 8. Nce5 a6 9. Bd3 cxd4 10. Nxd4 Qa5+ 11. c3 Qxe5+ 12. Be2 Ne7 13. O-O Nc6 14. Re1 Qc7 15. Bf3 Be7 16. Bg5 Rd8 17. Qe2 Nxd4 18. cxd4 Bc6 19. Rac1 Nd5 20. Bd2 O-O 21. Be4 Nf6 22. Bxc6 bxc6 23. Qxa6 c5 24. Ba5 Qc8 25. Qxc8 Rxc8 26. dxc5 Rxc5 27. Rxc5 Bxc5 28. b4 Ba7 29. b5 Nd5 30. a4 Rc8 31. h4 Rc2 32. Rb1 Bxf2+ 33. Kh2 Ba7 34. b6 Bb8+ 35. Kh1 Rc4 36. Be1 Rxa4 37. b7 Ne3 38. Bg3 e5 39. Bxe5 f6 40. Bxb8 Rxh4+ 41. Kg1 Re4 42. Bf4 Rxf4 1-0

[Event "World Senior chT-65 2019"]
[Site "Rhodes"]
[Date "2019.04.19"]
[Round "4.21"]
[White "Carlsson, Ingvar"]
[Black "Page, Mark E"]
[Result "1/2-1/2"]
[ECO "B23"]
[WhiteElo "2119"]
[BlackElo "2107"]
[PlyCount "75"]
[EventDate "2019.04.16"]
[EventType "team-tourn"]
[EventCountry "GRE"]
[TimeControl "40/5400+30:1800+30"]

1. e4 c5 2. Nc3 a6 3. a4 Nc6 4. g3 g6 5. Bg2 Bg7 6. d3 d6 7. Be3 e5 8. Qd2 Nge7 9. h4 h5 10. Nf3 Nd4 11. O-O Bg4 12. Nh2 Be6 13. f4 Rb8 14. Rf2 b5 15. axb5 axb5 16. Raf1 b4 17. Nd1 exf4 18. Bxf4 O-O 19. c3 bxc3 20. bxc3 Nb3 21. Qe2 Qd7 22. Bg5 Nc6 23. Bf6 Ne5 24. Ne3 Bxf6 25. Rxf6 Kg7 26. R6f2 Qb5 27. c4 Qd7 28. Nf5+ Kh7 29. Qe3 Bxf5 30. exf5 Qe7 31. Be4 Nd4 32. Qf4 gxf5 33. Bxf5+ Kg7 34. Qe4 Rg8 35. Bh7 Rgf8 36. Bf5 Rg8 37. Bh7 Rgf8 38. Bf5 1/2-1/2

[Event "World Senior chT-65 2019"]
[Site "Rhodes"]
[Date "2019.04.19"]
[Round "4.22"]
[White "Bray, David"]
[Black "Nordstrom, Felix"]
[Result "1/2-1/2"]
[ECO "D41"]
[WhiteElo "2121"]
[BlackElo "2044"]
[PlyCount "68"]
[EventDate "2019.04.16"]
[EventType "team-tourn"]
[EventCountry "GRE"]
[TimeControl "40/5400+30:1800+30"]

1. c4 c5 2. Nf3 Nf6 3. Nc3 d5 4. cxd5 Nxd5 5. d4 e6 6. e4 Nxc3 7. bxc3 cxd4 8. cxd4 Bb4+ 9. Bd2 Bxd2+ 10. Qxd2 O-O 11. Bc4 Nc6 12. O-O b6 13. Rfd1 Bb7 14. Rac1 Rc8 15. Qf4 Na5 16. Bd3 Qe7 17. h4 Rfd8 18. Rxc8 Rxc8 19. Rc1 Rxc1+ 20. Qxc1 Qd8 21. Qf4 Nc6 22. Ng5 Qe7 23. d5 e5 24. Qg4 Nd8 25. f4 Qc5+ 26. Kh2 Bc8 27. Qf3 f6 28. Nh3 Nf7 29. f5 Qc1 30. Qe2 h6 31. Ba6 Nd6 32. Bxc8 Qxc8 33. g4 Qc1 34. Qg2 Qe3 1/2-1/2

[Event "World Senior chT-65 2019"]
[Site "Rhodes"]
[Date "2019.04.19"]
[Round "4.23"]
[White "Grahn, Lars"]
[Black "Stokes, Michael"]
[Result "1/2-1/2"]
[ECO "D37"]
[WhiteElo "1985"]
[BlackElo "2092"]
[PlyCount "45"]
[EventDate "2019.04.16"]
[EventType "team-tourn"]
[EventCountry "GRE"]
[TimeControl "40/5400+30:1800+30"]

1. d4 d5 2. Nf3 Nf6 3. e3 e6 4. c4 Be7 5. Nc3 O-O 6. b3 b6 7. Bd3 Bb7 8. Qc2 dxc4 9. bxc4 c5 10. Ne4 Nbd7 11. O-O Rc8 12. Ned2 h6 13. Bb2 cxd4 14. exd4 Nd5 15. Qb3 Nf4 16. Be4 Bxe4 17. Nxe4 Qc7 18. Ned2 Rfd8 19. Rfe1 Ng6 20. Rac1 Nf6 21. Ba3 Bxa3 22. Qxa3 Qb7 23. Qe3 1/2-1/2

[Event "World Senior chT-65 2019"]
[Site "Rhodes"]
[Date "2019.04.19"]
[Round "4.24"]
[White "Hewson, Brian W R"]
[Black "Svensson, Soren"]
[Result "1/2-1/2"]
[ECO "D46"]
[WhiteElo "2004"]
[BlackElo "1964"]
[PlyCount "39"]
[EventDate "2019.04.16"]
[EventType "team-tourn"]
[EventCountry "GRE"]
[TimeControl "40/5400+30:1800+30"]

1. d4 d5 2. Nf3 Nf6 3. c4 e6 4. Nc3 c6 5. e3 Nbd7 6. Qc2 Bd6 7. Bd3 O-O 8. O-O dxc4 9. Bxc4 e5 10. Rd1 Qe7 11. dxe5 Nxe5 12. Nxe5 Bxe5 13. h3 Bc7 14. Bf1 Re8 15. Re1 Qe5 16. f4 Qc5 17. Qf2 Bf5 18. g4 Ne4 19. Nxe4 Bxe4 20. Bd2 1/2-1/2

[Event "World Senior chT-65 2019"]
[Site "Rhodes"]
[Date "2019.04.19"]
[Round "4.25"]
[White "Andersson, Kaj"]
[Black "Pedersen, Svend"]
[Result "1/2-1/2"]
[ECO "B09"]
[WhiteElo "2030"]
[BlackElo "2178"]
[PlyCount "33"]
[EventDate "2019.04.16"]
[EventType "team-tourn"]
[EventCountry "GRE"]
[TimeControl "40/5400+30:1800+30"]

1. e4 g6 2. d4 Bg7 3. Nc3 d6 4. f4 Nf6 5. Nf3 O-O 6. Bd3 Nc6 7. d5 Nb4 8. Be2 a5 9. O-O c6 10. a3 Na6 11. Be3 cxd5 12. exd5 Bd7 13. Qd2 Nc5 14. Bd4 a4 15. Rfe1 Qa5 16. Bf1 Rfe8 17. Rad1 1/2-1/2

[Event "World Senior chT-65 2019"]
[Site "Rhodes"]
[Date "2019.04.19"]
[Round "4.26"]
[White "Holst, Per"]
[Black "Carlsten, Peter"]
[Result "1-0"]
[ECO "A81"]
[WhiteElo "2150"]
[BlackElo "2002"]
[PlyCount "93"]
[EventDate "2019.04.16"]
[EventType "team-tourn"]
[EventCountry "GRE"]
[TimeControl "40/5400+30:1800+30"]

1. d4 f5 2. g3 Nf6 3. Bg2 g6 4. Nf3 Bg7 5. O-O O-O 6. Nbd2 Nc6 7. Re1 d5 8. c3 a5 9. a4 Re8 10. Qb3 e6 11. Nf1 Ne4 12. N3d2 Nf6 13. f4 Kh8 14. Nf3 b6 15. Qc2 Bb7 16. Rb1 Qe7 17. Bd2 Rec8 18. b4 axb4 19. cxb4 Ne4 20. e3 Nxd2 21. N1xd2 Nxb4 22. Qb3 Nc6 23. Rec1 Na5 24. Qd1 Ba6 25. Bf1 Bxf1 26. Qxf1 Qa3 27. Kh1 Qxa4 28. Ne5 Bxe5 29. fxe5 Qd7 30. Qf4 Qe7 31. h4 Kg7 32. Rc2 Nb7 33. Nf3 h5 34. Ng5 Nd8 35. Qf1 Ra3 36. Qe2 Rca8 37. Kg2 R8a7 38. Nh3 Ra1 39. Rbb2 Kh6 40. Nf4 R1a4 41. Rb3 Qd7 42. Qd2 Nb7 43. e4 Kg7 44. Rxc7 Qxc7 45. Nxe6+ Kf7 46. Nxc7 Na5 47. e6+ 1-0

[Event "World Senior chT-65 2019"]
[Site "Rhodes"]
[Date "2019.04.19"]
[Round "4.27"]
[White "Gustavsson, Sture"]
[Black "Hvenekilde, Jorgen"]
[Result "1/2-1/2"]
[ECO "A41"]
[WhiteElo "1976"]
[BlackElo "2046"]
[PlyCount "30"]
[EventDate "2019.04.16"]
[EventType "team-tourn"]
[EventCountry "GRE"]
[TimeControl "40/5400+30:1800+30"]

1. d4 d6 2. Nf3 Nd7 3. c4 e5 4. dxe5 dxe5 5. Nc3 c6 6. g3 Qc7 7. Bg2 a5 8. O-O Nc5 9. b3 f6 10. Qc2 Be6 11. Bb2 Nh6 12. e3 Be7 13. Rfd1 O-O 14. Qe2 Rae8 15. Nd2 Nf7 1/2-1/2

[Event "World Senior chT-65 2019"]
[Site "Rhodes"]
[Date "2019.04.19"]
[Round "4.28"]
[White "Grevlund, Per"]
[Black "Lundgren, Ulf"]
[Result "1/2-1/2"]
[ECO "C44"]
[WhiteElo "1998"]
[BlackElo "1964"]
[PlyCount "54"]
[EventDate "2019.04.16"]
[EventType "team-tourn"]
[EventCountry "GRE"]
[TimeControl "40/5400+30:1800+30"]

1. e4 e5 2. Nf3 Nc6 3. c3 Nf6 4. d4 exd4 5. e5 Qe7 6. cxd4 Ne4 7. Bd3 d5 8. O-O h6 9. Re1 Ng5 10. Nc3 Be6 11. Nxg5 hxg5 12. Bb5 g4 13. Qa4 Qd7 14. Bd2 a6 15. Rac1 Rb8 16. Bxc6 Qxc6 17. Qxc6+ bxc6 18. Na4 Bb4 19. Red1 Bd7 20. a3 Be7 21. b4 Rb5 22. Nc5 Bxc5 23. Rxc5 Rxc5 24. bxc5 Bf5 25. Bc3 Kd7 26. Rd2 Rb8 27. Rb2 Rxb2 1/2-1/2

[Event "World Senior chT-65 2019"]
[Site "Rhodes"]
[Date "2019.04.19"]
[Round "4.29"]
[White "Herzog, Adolf"]
[Black "Vucenovic, Dragomir"]
[Result "0-1"]
[ECO "D02"]
[WhiteElo "2337"]
[BlackElo "2168"]
[PlyCount "96"]
[EventDate "2019.04.16"]
[EventType "team-tourn"]
[EventCountry "GRE"]
[TimeControl "40/5400+30:1800+30"]

1. d4 d5 2. Nf3 Nf6 3. c3 g6 4. Bf4 Bg7 5. e3 O-O 6. Nbd2 b6 7. Rc1 Bb7 8. Bd3 Nbd7 9. h3 Ne4 10. Bh2 c5 11. O-O Rc8 12. Re1 Nxd2 13. Qxd2 Nf6 14. Be5 Ne4 15. Bxe4 dxe4 16. Bxg7 Kxg7 17. Nh2 cxd4 18. exd4 h5 19. Nf1 e6 20. Qf4 Qc7 21. Qg5 Qd8 22. Qe5+ f6 23. Qg3 f5 24. Qe5+ Qf6 25. Qxf6+ Kxf6 26. c4 Rfd8 27. Red1 Ba6 28. b3 b5 29. c5 b4 30. f4 exf3 31. gxf3 Be2 32. Rd2 Bxf3 33. Ne3 g5 34. Nc4 g4 35. Ne5 Bd5 36. Kh2 Rg8 37. Rg1 Rc7 38. Nd3 Rcg7 39. h4 g3+ 40. Kh3 Rg4 41. Nxb4 f4 42. Nxd5+ exd5 43. Kg2 Rxh4 44. Kf3 Re8 45. Rd3 Kf5 46. Rc3 Rh2 47. Rg2 Rxg2 48. Kxg2 Kg4 0-1

[Event "World Senior chT-65 2019"]
[Site "Rhodes"]
[Date "2019.04.19"]
[Round "4.31"]
[White "Singer, Hans"]
[Black "Staechelin, Ruedi"]
[Result "1-0"]
[ECO "D15"]
[WhiteElo "2195"]
[BlackElo "2053"]
[PlyCount "72"]
[EventDate "2019.04.16"]
[EventType "team-tourn"]
[EventCountry "GRE"]
[TimeControl "40/5400+30:1800+30"]

1. d4 d5 2. Nf3 c6 3. c4 Nf6 4. Nc3 a6 5. c5 Bf5 6. Qb3 Ra7 7. Bf4 Nbd7 8. e3 h6 9. Be2 e6 10. h3 Be7 11. O-O O-O 12. Rac1 Re8 13. Rfe1 Bf8 14. Bf1 g5 15. Bg3 Bg7 16. Bd6 Ne4 17. Nxe4 Bxe4 18. Ne5 Nxe5 19. dxe5 f6 20. f3 Bg6 21. Qc3 Ra8 22. e4 dxe4 23. fxe4 f5 24. exf5 Bxf5 25. Bd3 Bxd3 26. Qxd3 b5 27. Qg6 Qd7 28. Rf1 Ra7 29. Rc3 Kh8 30. Rcf3 Qc8 31. Rf7 Rxf7 32. Rxf7 Rg8 33. Be7 Qd7 34. Bf6 Qd4+ 35. Kh1 Qd7 36. Be7 Qc8 1-0

[Event "World Senior chT-65 2019"]
[Site "Rhodes"]
[Date "2019.04.19"]
[Round "4.32"]
[White "Illi, Hans-Joerg"]
[Black "Ager, Josef"]
[Result "0-1"]
[ECO "D03"]
[WhiteElo "2002"]
[BlackElo "2122"]
[PlyCount "86"]
[EventDate "2019.04.16"]
[EventType "team-tourn"]
[EventCountry "GRE"]
[TimeControl "40/5400+30:1800+30"]

1. d4 Nf6 2. Nf3 g6 3. Bg5 Bg7 4. Nbd2 d5 5. e3 O-O 6. Be2 c5 7. c3 b6 8. O-O Nc6 9. Qa4 Bb7 10. b4 a5 11. bxc5 bxc5 12. Rab1 Qc8 13. Rb2 Nd7 14. Rfb1 Ra7 15. Bb5 Ba8 16. Qa3 e5 17. Bxc6 Qxc6 18. Be7 Rc8 19. Nb3 cxd4 20. cxd4 e4 21. Nfd2 Qe6 22. Bc5 Nxc5 23. Nxc5 Qe8 24. Rb5 a4 25. Qb4 Bf8 26. Rb8 Kg7 27. h3 Rxb8 28. Qxb8 Qxb8 29. Rxb8 Bc6 30. Rb6 Rc7 31. Kf1 Bxc5 32. dxc5 Be8 33. f3 exf3 34. Nxf3 Rxc5 35. Nd4 Bd7 36. Ke2 Kf8 37. Kd2 Ke7 38. Ne2 h5 39. a3 h4 40. Nd4 Rc4 41. Nc2 Bf5 42. Nd4 Be4 43. Nf3 Rc2+ 0-1

[Event "World Senior chT-65 2019"]
[Site "Rhodes"]
[Date "2019.04.19"]
[Round "4.33"]
[White "Jones, Iolo C"]
[Black "Rooze, Jan"]
[Result "0-1"]
[ECO "A36"]
[WhiteElo "2187"]
[BlackElo "2261"]
[PlyCount "114"]
[EventDate "2019.04.16"]
[EventType "team-tourn"]
[EventCountry "GRE"]
[TimeControl "40/5400+30:1800+30"]

1. c4 c5 2. g3 Nc6 3. Bg2 g6 4. Nc3 Bg7 5. e3 Nh6 6. Nge2 Nf5 7. O-O a6 8. d3 Rb8 9. Na4 d6 10. Nac3 Bd7 11. a4 O-O 12. Rb1 Na7 13. e4 Nd4 14. Nxd4 cxd4 15. Ne2 b5 16. axb5 axb5 17. b3 bxc4 18. dxc4 Nc6 19. Bd2 Qb6 20. Nf4 Rfc8 21. Nd3 Na5 22. Bb4 Nb7 23. Bd2 Nc5 24. Nxc5 dxc5 25. Re1 Ra8 26. Bf1 Ra2 27. Bd3 Rca8 28. Bg5 h6 29. Bf4 e5 30. Bd2 h5 31. h4 Qf6 32. Be2 Kh7 33. Bg5 Qb6 34. Bf3 R8a3 35. Bc1 Ra7 36. Re2 Be6 37. Reb2 Rxb2 38. Rxb2 Ra1 39. Qd2 Qb7 40. Ra2 Rb1 41. Rb2 Ra1 42. Ra2 Qxb3 43. Rxa1 Qxf3 44. Ra3 Qxe4 45. f3 Qb1 46. Ra5 Qb3 47. Rxc5 Qxf3 48. Qf2 Qd1+ 49. Qf1 Qg4 50. Qe1 Qf3 51. Qf2 Qd1+ 52. Qf1 Qb3 53. Kh2 Qb1 54. Kg1 Qb6 55. Rb5 Qc6 56. c5 Bh3 57. Qe2 d3 0-1

[Event "World Senior chT-65 2019"]
[Site "Rhodes"]
[Date "2019.04.19"]
[Round "4.34"]
[White "Van de Wynkele, Herman"]
[Black "Waterfield, John W"]
[Result "0-1"]
[ECO "B38"]
[WhiteElo "2129"]
[BlackElo "1928"]
[PlyCount "108"]
[EventDate "2019.04.16"]
[EventType "team-tourn"]
[EventCountry "GRE"]
[TimeControl "40/5400+30:1800+30"]

1. e4 g6 2. d4 Bg7 3. Nf3 c5 4. c4 cxd4 5. Nxd4 Nf6 6. Nc3 O-O 7. Be2 Nc6 8. Be3 d6 9. O-O Bd7 10. h3 Nxd4 11. Bxd4 Bc6 12. Qc2 a5 13. Rfd1 Nd7 14. Bxg7 Kxg7 15. b3 Qb6 16. Rab1 Kg8 17. a3 Ne5 18. b4 f5 19. exf5 Rxf5 20. Bg4 Nxg4 21. hxg4 Rf7 22. c5 dxc5 23. b5 Be8 24. Nd5 Qd6 25. Qe4 Kf8 26. g5 Rc8 27. Qe3 Rf5 28. Qe4 Qe5 29. Qh4 Rd8 30. Qh6+ Qg7 31. Qxg7+ Kxg7 32. Nc7 Rxd1+ 33. Rxd1 Bf7 34. Rd7 c4 35. Rxe7 Kf8 36. Re4 Rxg5 37. b6 Rc5 38. Re8+ Bxe8 39. Ne6+ Ke7 40. Nxc5 c3 41. Kf1 c2 42. Nb3 Ba4 43. Nc1 Kd6 44. Ke2 Kc5 45. Kd3 Kxb6 46. Kd2 Kc5 47. f4 b5 48. g4 Kd4 49. Ne2+ Ke4 50. g5 b4 51. axb4 axb4 52. Nc1 b3 53. Nd3 Kd4 54. Nb2 Bb5 0-1

[Event "World Senior chT-65 2019"]
[Site "Rhodes"]
[Date "2019.04.19"]
[Round "4.35"]
[White "Bevan, Peter M"]
[Black "Van Herck, Marcel"]
[Result "*"]
[ECO "A37"]
[WhiteElo "1920"]
[BlackElo "2066"]
[PlyCount "102"]
[EventDate "2019.04.16"]
[EventType "team-tourn"]
[EventCountry "GRE"]
[TimeControl "40/5400+30:1800+30"]

1. c4 c5 2. g3 Nc6 3. Bg2 g6 4. Nc3 Bg7 5. Nf3 d6 6. O-O e5 7. a3 Be6 8. d3 h6 9. Rb1 f5 10. e4 Nge7 11. b4 Qd7 12. b5 Nd4 13. Nxd4 exd4 14. Nd5 O-O 15. h4 Kh7 16. Bf4 Bxd5 17. exd5 Be5 18. Qd2 Bxf4 19. Qxf4 Ng8 20. Rfe1 Rae8 21. Re6 Rf6 22. Rbe1 Re7 23. Qd2 Rfxe6 24. dxe6 Rxe6 25. Rxe6 Qxe6 26. Bxb7 Qe7 27. Bf3 Nf6 28. Kf1 Nd7 29. a4 Ne5 30. Bd5 g5 31. hxg5 hxg5 32. Qe2 g4 33. f4 gxf3 34. Bxf3 Qd8 35. Qh2+ Kg7 36. Qh5 Nxf3 37. Qxf3 Qa5 38. Qxf5 Qxa4 39. Ke2 Qc2+ 40. Kf3 Qd1+ 41. Kf4 Qf1+ 42. Ke4 Qxf5+ 43. Kxf5 d5 44. cxd5 c4 45. d6 Kf8 46. dxc4 d3 47. c5 d2 48. c6 d1=Q 49. c7 Qd5+ 50. Kg4 Qe6+ 51. Kf3 Ke8 *

[Event "World Senior chT-65 2019"]
[Site "Rhodes"]
[Date "2019.04.19"]
[Round "4.36"]
[White "Schrickx, Frank"]
[Black "Harle, Bill"]
[Result "0-1"]
[ECO "A42"]
[WhiteElo "1823"]
[BlackElo "1734"]
[PlyCount "98"]
[EventDate "2019.04.16"]
[EventType "team-tourn"]
[EventCountry "GRE"]
[TimeControl "40/5400+30:1800+30"]

1. e4 c6 2. c4 d6 3. d4 g6 4. Nc3 Bg7 5. Be3 Nd7 6. Qd2 b6 7. Be2 Bb7 8. f4 e5 9. fxe5 dxe5 10. d5 Ngf6 11. Bf3 Rc8 12. Nge2 O-O 13. O-O cxd5 14. cxd5 Ba6 15. Rfd1 Ne8 16. g4 Nd6 17. Ng3 Nc4 18. Qf2 Nxe3 19. Qxe3 Qh4 20. Kg2 Bh6 21. Qe1 Nf6 22. Nf5 Qxe1 23. Ne7+ Kg7 24. Rxe1 Rc7 25. Nc6 Bf4 26. Ne2 Bc8 27. Nxf4 exf4 28. g5 Ng4 29. Rec1 f6 30. d6 Ne3+ 31. Kg1 Rd7 32. gxf6+ Kxf6 33. e5+ Ke6 34. Rc3 h5 35. Ne7 Bb7 36. Nxg6 Rg8 37. Bxh5 Be4 38. Rxe3 Bxg6 39. Bg4+ Bf5 40. Rc3 Rxg4+ 41. Kf2 Kxe5 42. Re1+ Kxd6 43. Kf3 Rh4 44. Rd1+ Ke7 45. Re1+ Kf6 46. Rc6+ Kf7 47. Re5 Rd3+ 48. Ke2 Rxh2+ 49. Ke1 Bg4 0-1

[Event "World Senior chT-65 2019"]
[Site "Rhodes"]
[Date "2019.04.19"]
[Round "4.37"]
[White "Harestad, Thor Geir"]
[Black "Baruch, Andrew J D"]
[Result "0-1"]
[ECO "E11"]
[WhiteElo "2200"]
[BlackElo "2039"]
[PlyCount "44"]
[EventDate "2019.04.16"]
[EventType "team-tourn"]
[EventCountry "GRE"]
[TimeControl "40/5400+30:1800+30"]

1. d4 Nf6 2. c4 e6 3. Nf3 Bb4+ 4. Bd2 Qe7 5. g3 O-O 6. Bg2 Bxd2+ 7. Qxd2 d6 8. O-O e5 9. Nc3 h6 10. h3 e4 11. Ne1 c6 12. Nc2 Bf5 13. Qf4 Bh7 14. g4 Nbd7 15. Ne3 Rae8 16. h4 Kh8 17. Bh3 Ng8 18. Qg3 f5 19. gxf5 Ngf6 20. Qh2 Nh5 21. f3 exf3 22. Rxf3 Qxh4 0-1

[Event "World Senior chT-65 2019"]
[Site "Rhodes"]
[Date "2019.04.19"]
[Round "4.38"]
[White "Reuben, Stewart"]
[Black "Steedman, James"]
[Result "1/2-1/2"]
[ECO "E31"]
[WhiteElo "1974"]
[BlackElo "2127"]
[PlyCount "40"]
[EventDate "2019.04.16"]
[EventType "team-tourn"]
[EventCountry "GRE"]
[TimeControl "40/5400+30:1800+30"]

1. d4 Nf6 2. c4 e6 3. Nc3 Bb4 4. Bg5 c5 5. d5 h6 6. Bh4 Bxc3+ 7. bxc3 d6 8. e3 Qe7 9. Bd3 g5 10. Bg3 e5 11. h4 Rg8 12. hxg5 hxg5 13. e4 Nbd7 14. Nf3 Nf8 15. Qd2 N6h7 16. Rh6 f6 17. O-O-O Ng6 18. Qb2 Nhf8 19. Qb5+ Qd7 20. Kd2 Qxb5 1/2-1/2

[Event "World Senior chT-65 2019"]
[Site "Rhodes"]
[Date "2019.04.19"]
[Round "4.39"]
[White "Melkeraen, Terje"]
[Black "Valentine, Brian J"]
[Result "1/2-1/2"]
[ECO "A03"]
[WhiteElo "2006"]
[BlackElo "1954"]
[PlyCount "126"]
[EventDate "2019.04.16"]
[EventType "team-tourn"]
[EventCountry "GRE"]
[TimeControl "40/5400+30:1800+30"]

1. f4 Nf6 2. Nf3 g6 3. b3 Bg7 4. Bb2 O-O 5. e3 d5 6. d4 Nbd7 7. Bd3 c5 8. O-O Qc7 9. Qe2 a6 10. a4 b6 11. Nbd2 Bb7 12. Ne5 Nxe5 13. dxe5 Ne4 14. Nxe4 dxe4 15. Bc4 Rfd8 16. Rad1 Qc6 17. Bc3 a5 18. Rd2 Qc7 19. Rfd1 Bc6 20. h3 Rxd2 21. Qxd2 h5 22. g3 Kf8 23. Kf2 Rc8 24. Ba6 Ra8 25. Bc4 Rc8 26. g4 hxg4 27. hxg4 e6 28. Qd6+ Ke8 29. Ba6 Bf8 30. Qxc7 Rxc7 31. Rh1 Bg7 32. Ke2 Kf8 33. Bc4 Rd7 34. Be1 Kg8 35. Bh4 Kf8 36. Bg5 Kg8 37. c3 Rc7 38. Rd1 Rd7 39. Rd6 Rxd6 40. exd6 Kf8 41. Be7+ Ke8 42. Kd2 Bf8 43. Bf6 Bxd6 44. Bf1 Kd7 45. c4 Be7 46. Bc3 f6 47. Bg2 Ke8 48. Ke2 Kf7 49. Be1 Bd6 50. Bh4 Bc7 51. Bh3 f5 52. g5 e5 53. Bg3 Ke6 54. Bf1 Bd6 55. Kd2 Bf8 56. fxe5 Bg7 57. Bf4 Bxe5 58. Be2 Kd6 59. Bd1 Be8 60. Be2 Bf7 61. Bf1 Be8 62. Be2 Bc6 63. Bd1 Be8 1/2-1/2

[Event "World Senior chT-65 2019"]
[Site "Rhodes"]
[Date "2019.04.19"]
[Round "4.40"]
[White "Thynne, Trefor F"]
[Black "Bjorgvik, Jan Arne"]
[Result "1-0"]
[ECO "D35"]
[WhiteElo "1907"]
[BlackElo "1779"]
[PlyCount "89"]
[EventDate "2019.04.16"]
[EventType "team-tourn"]
[EventCountry "GRE"]
[TimeControl "40/5400+30:1800+30"]

1. d4 d5 2. c4 e6 3. Nc3 Nf6 4. cxd5 exd5 5. Bg5 Be7 6. Bxf6 Bxf6 7. e3 O-O 8. Bd3 c5 9. dxc5 Qa5 10. Nge2 Bg4 11. Qc2 Bxe2 12. Bxe2 Qxc5 13. O-O Nc6 14. Rac1 d4 15. Ne4 Qxc2 16. Nxf6+ gxf6 17. Rxc2 Kg7 18. Bf3 d3 19. Rd2 Rfd8 20. Bxc6 bxc6 21. Rfd1 Rab8 22. b3 a5 23. Rxd3 Rxd3 24. Rxd3 a4 25. Kf1 axb3 26. Rxb3 Rc8 27. Rc3 Kf8 28. Rc5 Ke7 29. Ke2 Kd6 30. Rc4 Rb8 31. Kd3 Rb2 32. Rc2 Rb4 33. Kc3 Ra4 34. Kb3 Ra5 35. a4 Rd5 36. Kb4 Kc7 37. Rc5 Rd8 38. Rf5 Rd6 39. h3 Kd7 40. a5 Ke6 41. g4 Rd1 42. a6 Rb1+ 43. Kc5 Kd7 44. a7 Ra1 45. Kb6 1-0

[Event "World Senior chT-65 2019"]
[Site "Rhodes"]
[Date "2019.04.19"]
[Round "4.43"]
[White "Sharif, Mehrshad"]
[Black "Bhopal, Raj"]
[Result "1/2-1/2"]
[ECO "D34"]
[WhiteElo "2331"]
[BlackElo "1900"]
[PlyCount "85"]
[EventDate "2019.04.16"]
[EventType "team-tourn"]
[EventCountry "GRE"]
[TimeControl "40/5400+30:1800+30"]

1. Nf3 Nf6 2. g3 d5 3. Bg2 c5 4. O-O Nc6 5. d4 e6 6. c4 Be7 7. cxd5 exd5 8. Nc3 c4 9. Ne5 O-O 10. Bg5 Be6 11. b3 cxb3 12. Nxc6 bxc6 13. axb3 h6 14. Bxf6 Bxf6 15. Na4 Qd6 16. e3 Rfb8 17. Qc2 Bd7 18. Nc5 Bd8 19. Rfc1 Be8 20. h4 a5 21. Bf1 Bb6 22. Nd3 Ra7 23. Qe2 Re7 24. Qf3 Re6 25. Bh3 Rf6 26. Qh5 Bc7 27. Rc3 Bd7 28. Bxd7 Qxd7 29. Kg2 Rg6 30. Rac1 Qe8 31. Ne1 Rb6 32. Qf5 Qb8 33. h5 Rf6 34. Qd7 Rd6 35. Qf5 Rf6 36. Qd7 Rd6 37. Qg4 Rf6 38. Nf3 Qe8 39. Ne1 Bd6 40. Nd3 Bb4 41. Nxb4 axb4 42. Rc5 Ra6 43. R1c2 1/2-1/2

[Event "World Senior chT-65 2019"]
[Site "Rhodes"]
[Date "2019.04.19"]
[Round "4.44"]
[White "Dawson, Alastair"]
[Black "Boudre, Jean-Pierre"]
[Result "0-1"]
[ECO "A46"]
[WhiteElo "1817"]
[BlackElo "2246"]
[PlyCount "52"]
[EventDate "2019.04.16"]
[EventType "team-tourn"]
[EventCountry "GRE"]
[TimeControl "40/5400+30:1800+30"]

1. d4 Nf6 2. Nf3 e6 3. Bg5 c5 4. Bxf6 Qxf6 5. e3 Nc6 6. Be2 d5 7. O-O cxd4 8. exd4 Bd6 9. c3 O-O 10. Nbd2 Bd7 11. Bd3 Qh6 12. Re1 f6 13. Bf1 Kh8 14. g3 g5 15. Bg2 g4 16. Nh4 f5 17. Bh1 f4 18. Ng2 fxg3 19. fxg3 e5 20. Nf1 exd4 21. cxd4 Qf6 22. Nf4 Bxf4 23. gxf4 Qxf4 24. Bxd5 Nxd4 25. Re4 Qf2+ 26. Kh1 Nf3 0-1